 Dungeon Crawl Stone Soup version 0.21.1-1-g345015f (webtiles) character file.

88 Fortress the Firebug (level 4, -1/30 HPs)
             Began as a Demonspawn Fire Elementalist on July 3, 2018.
             Slain by a hobgoblin
             ... wielding a +0 club
             ... led by Robin
              (6 damage)
             ... on level 2 of the Dungeon.
             The game lasted 00:15:48 (2283 turns).

Fortress the Firebug (Demonspawn Fire Elementalist) Turns: 2283, Time: 00:15:49

Health: -1/30      AC:  4    Str:  6    XL:     4   Next: 30%
Magic:  5/7        EV: 12    Int: 18    God:
Gold:   191        SH:  0    Dex: 13    Spells: 6/7 levels left

rFire    . . .     SeeInvis .   e - +0 dagger
rCold    + + .     Gourm    .   (no shield)
rNeg     . . .     Faith    .   a - +0 robe
rPois    .         Spirit   .   (no helmet)
rElec    .         Reflect  .   (no cloak)
rCorr    .         Harm     .   (no gloves)
MR       .....                  (no boots)
Stlth    ++........             (no amulet)
HPRegen  0.10/turn              (no ring)
MPRegen  0.10/turn              (no ring)

@: very slightly contaminated
A: slimy green scales 1, blurry vision 1, cold resistance 2, weak 1, rot
immunity
a: no special abilities


You were on level 2 of the Dungeon.
You were hungry.

You visited 1 branch of the dungeon, and saw 3 of its levels.

You collected 191 gold pieces.

Inventory:

Hand Weapons
 e - a +0 dagger (weapon)
 o - a +0 hunting sling
Missiles
 d - 9 sling bullets
 f - 81 stones (quivered)
Armour
 a - a +0 robe (worn)
Jewellery
 l - an uncursed amulet of guardian spirit {unknown}
 n - a +4 ring of protection {unknown}
Scrolls
 g - a scroll of identify {unknown}
 k - a scroll of enchant weapon {unknown}
Potions
 i - a potion of curing {unknown}
 j - a potion of invisibility {unknown}
 m - a potion of haste {unknown}
 q - a potion of ambrosia {unknown}
Books
 b - a book of Flames

   Spells                             Type                      Level
   a - Flame Tongue                   Conjuration/Fire             1
   b - Throw Flame                    Conjuration/Fire             2
   c - Conjure Flame                  Conjuration/Fire             3
   d - Inner Flame                    Hexes/Fire                   3
   e - Sticky Flame                   Conjuration/Fire             4
   f - Fireball                       Conjuration/Fire             5
Comestibles
 c - 5 rations


   Skills:
 + Level 0.6 Short Blades
 - Level 1.7 Dodging
 - Level 1.7 Stealth
 - Level 2.0 Spellcasting
 + Level 1.8 Conjurations
 + Level 4.2 Fire Magic


You had 6 spell levels left.
You knew the following spells:

 Your Spells              Type           Power        Failure   Level  Hunger
a - Flame Tongue          Conj/Fire      ##...        4%          1    #......


Dungeon Overview and Level Annotations

Branches:
Dungeon (3/15)

Altars:

Annotations:
D:2 Robin, Sigmund


Innate Abilities, Weirdness & Mutations

You are partially covered in slimy green scales. (AC +2)
Your flesh is very cold resistant. (rC++)
You are immune to rotting.
Scrolls take you a little longer to read.
You are weak. (Str -2)


Message History

You closely miss the goblin.
The goblin is severely wounded.
The goblin hits you.
The hobgoblin hits you but does no damage.
You barely miss the goblin.
The goblin is severely wounded.
The goblin hits you. The hobgoblin hits you with a club.
* * * LOW HITPOINT WARNING * * *
It was a potion of mutation.
You feel extremely strange.
You feel weaker.
Your vision blurs.
You feel more resistant to cold. The goblin closely misses you.
A hobgoblin comes into view. It is wielding a club.
Really read with blurry vision while enemies are nearby?
Uppercase [Y]es or [N]o only, please.
Really read with blurry vision while enemies are nearby?
The goblin no longer looks unusually strong.
The hobgoblin completely misses you. The goblin closely misses you.
You begin reading the scroll.
You continue reading the scroll.
The hobgoblin hits you with a club.
You die...

#.# #.# ..# ###
#####################g[.
...............g@glggS.g
#####################g##
####### ....... #...(.
#.#... #... #..# ####
#..# . #..# #


You could see Robin, an adder, 3 hobgoblins, 3 goblins and a frilled lizard.

Vanquished Creatures
  3 adders (D:2)
  2 dart slugs (D:1)
  A leopard gecko (D:2)
  8 bats
  3 giant cockroaches
  9 goblins
  6 hobgoblins
  4 jackals (D:2)
  5 frilled lizards
  6 kobolds
  6 rats
53 creatures vanquished.

Notes
Turn   | Place    | Note
-------+----------+-------------------------------------------
     0 | D:1      | Fortress the Demonspawn Fire Elementalist began the quest for the Orb.
     0 | D:1      | Reached XP level 1. HP: 13/13 MP: 3/3
    89 | D:1      | Reached skill level 3 in Fire Magic
   453 | D:1      | Gained mutation: You are immune to rotting. [demonic ancestry]
   453 | D:1      | Reached XP level 2. HP: 19/19 MP: 1/5
  1096 | D:2      | Gained mutation: Your flesh is cold resistant. (rC+) [demonic ancestry]
  1096 | D:2      | Reached XP level 3. HP: 24/24 MP: 4/6
  1617 | D:2      | Reached skill level 4 in Fire Magic
  1949 | D:2      | Noticed Sigmund
  2013 | D:2      | Gained mutation: You are partially covered in slimy green scales. (AC +2) [demonic ancestry]
  2013 | D:2      | Reached XP level 4. HP: 30/30 MP: 2/7
  2269 | D:2      | Noticed Robin
  2281 | D:2      | Gained mutation: You are weak. (Str -2) [potion of mutation]
  2281 | D:2      | Gained mutation: Scrolls take you a little longer to read. [potion of mutation]
  2281 | D:2      | Gained mutation: Your flesh is very cold resistant. (rC++) [potion of mutation]
  2283 | D:2      | Slain by a hobgoblin

Skill      XL: |  1  2  3 |
---------------+----------+-----
Fire Magic     | 3 4 |  4.2
Short Blades   | |  0.6
Dodging        | |  1.7
Stealth        | |  1.7
Spellcasting   | |  2.0
Conjurations   | |  1.8

Action                   |  1- 3 |  4- 6 || total
-------------------------+-------+-------++-------
Melee: Dagger            |    55 |    11 ||    66
       Unarmed           |     9 |       ||     9
 Cast: Flame Tongue      |    70 |    12 ||    82
  Use: Potion            |       |     1 ||     1
  Eat: Chunk             |     5 |       ||     5
Armor: Robe              |    16 |     3 ||    19
Dodge: Dodged            |    60 |    16 ||    76
